AoeStats
← choka60

Pilgrims

510162135Analyzed
3v3 RM · 18h ago on Sep 29, 2026· 59m 25s· 6 players
Game mode
Random Map
Map size
Normal (6 player)
Population
200
Speed
Normal
Resources
Standard
Victory
Conquest
Starting age
Dark Age
Ending age
Imperial Age
RankedLock teamsTeams togetherTeam positionsShared explorationLock speedFull tech treeHidden civsTurbo modeCheats
Victory
Defeat
🇩🇪 Armenians · Germany
1265
+13
🇵🇹 Berbers · Portugal
1244
+13
🇨🇱 Koreans · Chile
1226
+14
🇨🇦 Persians · Canada
1269
-17
🇫🇷 Armenians · France
1159
-12
🇫🇷 Danes · France
1136
-11
[CDM] Lam
4:56 Loom
11:50 Feudal Age
13:05 Double-Bit Axe
16:44 Fletching
20:14 Castle Age
19:51 Horse Collar
20:07 Gold Mining
21:54 Crossbowman
29:04 Bodkin Arrow
31:22 Ballistics
Massarock
7:33 Loom
9:43 Feudal Age
10:58 Double-Bit Axe
11:06 Gold Mining
14:10 Town Watch
18:08 Fletching
22:21 Castle Age
22:29 Wheelbarrow
23:47 Medium Warships
23:33 Bodkin Arrow
26:28 Padded Archer Armor
26:39 Horse Collar
27:10 Bow Saw
34:13 Ballistics
39:34 Scale Barding Armor
39:41 Forging
41:27 Chain Barding Armor
41:28 Bloodlines
42:42 Gold Shaft Mining
41:59 Stone Mining
42:28 Husbandry
44:11 Iron Casting
49:00 Kasbah
53:01 Imperial Age
53:07 Cavalier
53:50 Bracer
55:07 Heavy Warships
55:52 Elite Camel Archer
56:48 Leather Archer Armor
57:36 Chemistry
56:54 Capped Ram
Tim der Gothe
3:47 Loom
12:06 Feudal Age
16:07 Castle Age
14:06 Double-Bit Axe
14:27 Gold Mining
15:42 Wheelbarrow
14:54 Town Watch
15:36 Stone Mining
15:51 Horse Collar
18:46 Hand Cart
25:45 Town Patrol
25:41 Pikeman
26:37 Heavy Plow
27:16 Fletching
29:04 Murder Holes
29:29 Ballistics
29:10 Bodkin Arrow
31:17 Bow Saw
31:36 Treadmill Crane
32:06 Masonry
32:18 Padded Archer Armor
35:23 Gold Shaft Mining
35:35 Leather Archer Armor
40:26 Imperial Age
40:18 Fishing Lines
40:31 Elite Composite Bowman
41:28 Bracer
41:58 Ring Archer Armor
42:47 Chemistry
42:46 Man-at-Arms
43:12 Gambesons
43:42 Forging
43:32 Scale Mail Armor
44:47 Treadmill Crane
45:29 Bombard Tower
44:59 Long Swordsman
45:40 Squires
46:28 Two-Handed Swordsman
47:48 Iron Casting
47:28 Chain Mail Armor
48:48 Champion
51:57 Hoardings
53:47 Conscription
54:49 Blast Furnace
54:20 Plate Mail Armor
55:41 Arson
HeN.Diyo
10:41 Loom
12:26 Feudal Age
15:17 Fletching
18:44 Horse Collar
18:50 Double-Bit Axe
22:14 Castle Age
22:35 Bloodlines
26:05 Scale Barding Armor
31:46 Redemption
35:53 Chain Barding Armor
38:25 Town Watch
48:51 Imperial Age
49:37 Pikeman
52:59 Bodkin Arrow
54:25 Bracer
54:13 Elite Skirmisher
55:55 Padded Archer Armor
choka60
10:44 Feudal Age
11:39 Loom
15:11 Castle Age
15:49 Medium Warships
20:38 Double-Bit Axe
37:11 Town Watch
49:23 Forging
49:04 Fletching
50:30 Gold Mining
51:42 Scale Barding Armor
54:55 Chain Barding Armor
Pasatho
3:33 Loom
12:04 Feudal Age
13:18 Man-at-Arms
16:16 Double-Bit Axe
23:45 Castle Age
22:51 Forging
22:42 Scale Mail Armor
26:57 Iron Casting
26:37 Chain Mail Armor
25:56 Long Swordsman
26:23 Gambesons
26:39 Squires
27:20 Bow Saw
43:59 Gold Mining
53:18 Imperial Age
55:50 Blast Furnace
55:21 Plate Mail Armor
54:18 Two-Handed Swordsman
55:08 Pikeman
57:54 Onager
Connection lost

Rejoining the realm…

Still unreachable

The connection could not be restored.

Session expired

The server has moved on; the page needs a fresh start.